APP
KINGSPORT METS @ SAN DIEGO (APP) PADRES
10/09/2047
 
TOP OF THE 1ST
Danville Braves batting - Pitching for Ogden Raptors : RHP Bob Reta
Pitching: RHP Bob Reta
Batting: RHB Jerry Delgado 0-0: Ground out 5-3 (Groundball, 5S, EV 67.5 MPH)
Batting: LHB Chiaki Tanouye 0-0: Ground out 3-1 (Groundball, 34, EV 95.0 MPH)
Batting: RHB Josh Swartzentruber 0-0: Called Strike
0-1: Ball
1-1: Ball
2-1: Foul Ball, location: 2F
2-2: Fly out, F4 (Line Drive, 4, EV 66.9 MPH)
Top of the 1st over - 0 runs, 0 hits, 0 errors, 0 left on base; Danville 0 - Ogden 0
BOTTOM OF THE 1ST
Ogden Raptors batting - Pitching for Danville Braves : LHP Juan Casanova
Pitching: LHP Juan Casanova
Batting: LHB Jimmy Sheppard 0-0: Ball
1-0: Ball
2-0: Ball
3-0: Base on Balls
Batting: RHB Shiro Suehiro 0-0: Ball
1-0: Foul Ball, location: 2F
1-1: Swinging Strike
1-2: Foul Ball, location: 2F
1-2: Ball
2-2: Ball
3-2: Strikes out swinging
Batting: RHB Isaiah Yarbrough 0-0: Ball
1-0: Ball
2-0: Ball
Passed Ball!
Jimmy Sheppard to second
3-0: Swinging Strike
3-1: Foul Ball, location: 2F
3-2: Fly out, F3 (Popup, 34, EV 69.4 MPH)
Batting: SHB Ricardo Contrares 0-0: Called Strike
0-1: Ball
1-1: Ground out 5-3 (Groundball, 56S, EV 82.5 MPH)
Bottom of the 1st over - 0 runs, 0 hits, 0 errors, 1 left on base; Danville 0 - Ogden 0
TOP OF THE 2ND
Danville Braves batting - Pitching for Ogden Raptors : RHP Bob Reta
Batting: LHB Diego Muniz 0-0: Called Strike
0-1: Ball
1-1: Swinging Strike
1-2: Ball
2-2: SINGLE (Groundball, 34D, EV 98.8 MPH)
Batting: RHB Antonio Arguello 0-0: Called Strike
0-1: Ball
1-1: Called Strike
Diego Muniz steals 2nd base (no throw)
1-2: Fly out, F9 (Flyball, 9S, EV 89.4 MPH)
Batting: RHB Vinny Vasquez 0-0: Foul Ball, location: 2F
0-1: Ball
Passed Ball!
Diego Muniz to third
1-1: Foul Ball, location: 2F
1-2: Ball
2-2: Strikes out swinging
Batting: RHB Omar Molina 0-0: Ball
Passed Ball!
Diego Muniz scores
1-0: Fly out, F8 (Flyball, 78S, EV 98.8 MPH)
Top of the 2nd over - 1 run, 1 hit, 0 errors, 0 left on base; Danville 1 - Ogden 0
BOTTOM OF THE 2ND
Ogden Raptors batting - Pitching for Danville Braves : LHP Juan Casanova
Batting: RHB Bobby Mendieta 0-0: Ball
1-0: Ball
2-0: Foul Ball, location: 2F
2-1: Ball
3-1: Swinging Strike
3-2: Ground out 5-3 (Groundball, 56, EV 90.6 MPH)
Batting: RHB Greg Snow 0-0: Ball
1-0: Ball
2-0: Called Strike
2-1: Called Strike
2-2: Strikes out swinging
Batting: LHB William Cano 0-0: Swinging Strike
0-1: Ball
1-1: Ball
2-1: SOLO HOME RUN (Flyball, 9D, EV 106.3 MPH), Distance : 383 ft
Batting: RHB Mario Diaz 0-0: Ground out 6-3 (Groundball, 6, EV 107.5 MPH)
Bottom of the 2nd over - 1 run, 1 hit, 0 errors, 0 left on base; Danville 1 - Ogden 1
TOP OF THE 3RD
Danville Braves batting - Pitching for Ogden Raptors : RHP Bob Reta
Batting: LHB Juan Casanova 0-0: Foul Ball, location: 2F
0-1: Ball
1-1: Ground out 5-3 (Groundball, 56, EV 105.6 MPH)
Batting: RHB Alain Dufour 0-0: Fly out, F5 (Popup, 5F, EV 77.5 MPH)
Batting: RHB Jerry Delgado 0-0: Ball
1-0: Ball
2-0: Ball
3-0: Called Strike
3-1: Base on Balls
Batting: LHB Chiaki Tanouye 0-0: Ball
Jerry Delgado steals 2nd base
1-0: Ball
2-0: Ball
3-0: Called Strike
3-1: Base on Balls
Batting: RHB Josh Swartzentruber 0-0: Swinging Strike
0-1: Foul Ball, location: 2F
0-2: Ball
1-2: Foul Ball, location: 2F
1-2: Ball
2-2: DOUBLE (Flyball, 7LD, EV 92.5 MPH)
Jerry Delgado scores
Chiaki Tanouye to third
Runner from 3rd tries for Home, SAFE, throw by LF to home
Batting: LHB Diego Muniz 0-0: Ball
1-0: Ball
2-0: Called Strike
2-1: Swinging Strike
2-2: Fly out, F8 (Flyball, 8LD, EV 99.4 MPH)
Top of the 3rd over - 2 runs, 1 hit, 0 errors, 1 left on base; Danville 3 - Ogden 1
BOTTOM OF THE 3RD
Ogden Raptors batting - Pitching for Danville Braves : LHP Juan Casanova
Batting: RHB Bob Reta 0-0: Foul Ball, location: 2F
0-1: Foul Ball, location: 2F
0-2: Strikes out swinging
Batting: LHB Jimmy Sheppard 0-0: Called Strike
0-1: Called Strike
0-2: Ball
1-2: Ball
2-2: Foul Ball, location: 2F
2-2: Ball
3-2: Ground out 4-3 (Groundball, 4, EV 106.9 MPH)
Batting: RHB Shiro Suehiro 0-0: Ball
1-0: SINGLE (Groundball, 56D, EV 105.6 MPH)
Batting: RHB Isaiah Yarbrough 0-0: Ball
1-0: Called Strike
1-1: Called Strike
1-2: Strikes out swinging
Bottom of the 3rd over - 0 runs, 1 hit, 0 errors, 1 left on base; Danville 3 - Ogden 1
TOP OF THE 4TH
Danville Braves batting - Pitching for Ogden Raptors : RHP Bob Reta
Batting: RHB Antonio Arguello 0-0: Called Strike
0-1: Ball
1-1: Foul Ball, location: 2F
1-2: SINGLE (Groundball, 6D, EV 107.5 MPH)
Batting: RHB Vinny Vasquez 0-0: Ball
1-0: Ball
Passed Ball!
Antonio Arguello to second
2-0: Called Strike
2-1: SINGLE (Groundball, 56S, EV 66.3 MPH) (infield hit)
Antonio Arguello to third
Batting: RHB Omar Molina 0-0: Foul Ball, location: 2F
0-1: Ball
Passed Ball!
Antonio Arguello scores
Vinny Vasquez to second
1-1: Ball
2-1: Called Strike
2-2: SINGLE (Line Drive, 4MD, EV 96.3 MPH)
Vinny Vasquez to third
Runner from 3rd tries for Home, throw by CF and OUT! 8-2
Omar Molina to second
Batting: LHB Juan Casanova 0-0: Fly out, F4 (Line Drive, 4, EV 71.3 MPH)
Batting: RHB Alain Dufour 0-0: Ball
Wild Pitch!
Omar Molina to third
1-0: Called Strike
1-1: Called Strike
1-2: Foul Ball, location: 2F
1-2: Ball
Wild Pitch!
Omar Molina scores
2-2: Foul Ball, location: 2F
2-2: Foul Ball, location: 2F
2-2: SINGLE (Line Drive, 5D, EV 104.4 MPH)
Pitching: LHP Miguel Lopez
Batting: RHB Jerry Delgado 0-0: Ball
1-0: Called Strike
1-1: Ball
2-1: Foul Ball, location: 2F
2-2: Ground out 5-3 (Groundball, 6S, EV 80.6 MPH)
Top of the 4th over - 2 runs, 4 hits, 0 errors, 1 left on base; Danville 5 - Ogden 1
BOTTOM OF THE 4TH
Ogden Raptors batting - Pitching for Danville Braves : LHP Juan Casanova
Batting: SHB Ricardo Contrares 0-0: Foul Ball, location: 2F
0-1: Ball
1-1: Foul Ball, location: 2F
1-2: Ground out 1-3 (Groundball, 34S, EV 90.0 MPH)
Batting: RHB Bobby Mendieta 0-0: Called Strike
0-1: Ball
1-1: Ball
2-1: Ball
3-1: Called Strike
3-2: Foul Ball, location: 2F
3-2: Fly out, F4 (Popup, 4S, EV 71.9 MPH)
Batting: RHB Greg Snow 0-0: Foul Ball, location: 2F
0-1: Called Strike
0-2: Ball
1-2: Ground out 6-3 (Groundball, 6S, EV 88.1 MPH)
Bottom of the 4th over - 0 runs, 0 hits, 0 errors, 0 left on base; Danville 5 - Ogden 1
TOP OF THE 5TH
Danville Braves batting - Pitching for Ogden Raptors : LHP Miguel Lopez
Batting: LHB Chiaki Tanouye 0-0: Called Strike
0-1: Ball
1-1: Ball
2-1: SOLO HOME RUN (Flyball, 9LD, EV 97.5 MPH), Distance : 352 ft
Batting: RHB Josh Swartzentruber 0-0: Ball
1-0: Ball
2-0: SINGLE (Line Drive, 78S, EV 97.5 MPH)
Batting: LHB Diego Muniz 0-0: Ball
1-0: Ball
2-0: Ball
3-0: Called Strike
3-1: Swinging Strike
Passed Ball!
Josh Swartzentruber to second
3-2: TRIPLE (Flyball, 89XD, EV 97.5 MPH)
Josh Swartzentruber scores
Batting: RHB Antonio Arguello 0-0: Foul Ball, location: 2F
0-1: Ball
Wild Pitch!
Diego Muniz scores
1-1: SINGLE (Groundball, 34D, EV 94.4 MPH)
Batting: RHB Vinny Vasquez 0-0: Foul Ball, location: 2F
0-1: Ball
1-1: Ball
2-1: Foul Ball, location: 2F
2-2: Ball
Passed Ball!
Antonio Arguello to second
3-2: Hit by Pitch
Batting: RHB Omar Molina 0-0: Ball
1-0: Ball
Passed Ball!
Antonio Arguello to third
Vinny Vasquez to second
2-0: Ball
3-0: Base on Balls
Batting: LHB Juan Casanova 0-0: Swinging Strike
0-1: Swinging Strike
0-2: Strikes out swinging
Batting: RHB Alain Dufour 0-0: Ball
1-0: Foul Ball, location: 2F
1-1: Foul Ball, location: 2F
1-2: Strikes out swinging
Batting: RHB Jerry Delgado 0-0: Called Strike
0-1: Ball
Passed Ball!
Antonio Arguello scores
Vinny Vasquez to third
Omar Molina to second
1-1: Ball
Passed Ball!
Vinny Vasquez scores
Omar Molina to third
2-1: Foul Ball, location: 2F
2-2: Ground out 6-3 (Groundball, 56, EV 101.9 MPH)
Top of the 5th over - 5 runs, 4 hits, 0 errors, 1 left on base; Danville 10 - Ogden 1
BOTTOM OF THE 5TH
Ogden Raptors batting - Pitching for Danville Braves : LHP Juan Casanova
Batting: LHB William Cano 0-0: Ball
1-0: Called Strike
1-1: Swinging Strike
1-2: Strikes out swinging, 2-3 out at first.
Batting: RHB Mario Diaz 0-0: Ball
1-0: Ball
2-0: Called Strike
2-1: Ball
3-1: Foul Ball, location: 2F
3-2: Strikes out swinging
Pinch Hitting: RHB Omar Resendez 0-0: Foul Ball, location: 2F
0-1: Foul Ball, location: 2F
0-2: Ball
1-2: Ground out 1-3 (Groundball, P, EV 68.1 MPH)
Bottom of the 5th over - 0 runs, 0 hits, 0 errors, 0 left on base; Danville 10 - Ogden 1
TOP OF THE 6TH
Danville Braves batting - Pitching for Ogden Raptors : LHP Miguel Lopez
Pitching: RHP Jordan Zayas
Batting: LHB Chiaki Tanouye 0-0: Ball
1-0: Foul Ball, location: 2F
1-1: Swinging Strike
1-2: Ball
2-2: SINGLE (Line Drive, 9LS, EV 88.1 MPH)
Batting: RHB Josh Swartzentruber 0-0: Ball
1-0: Ball
2-0: Ball
3-0: Called Strike
3-1: Called Strike
3-2: Foul Ball, location: 2F
3-2: Foul Ball, location: 2F
3-2: SINGLE (Groundball, 2R, EV 70.6 MPH) (infield hit)
Chiaki Tanouye to second
Batting: LHB Diego Muniz 0-0: Swinging Strike
Passed Ball!
Chiaki Tanouye to third
Josh Swartzentruber to second
0-1: Foul Ball, location: 2F
0-2: Foul Ball, location: 2F
0-2: Ball
Passed Ball!
Chiaki Tanouye scores
Josh Swartzentruber to third
1-2: Ground out U3 (Groundball, 34, EV 87.5 MPH)
Josh Swartzentruber scores
Batting: RHB Antonio Arguello 0-0: Ball
1-0: Ball
2-0: Called Strike
2-1: Swinging Strike
2-2: Foul Ball, location: 2F
2-2: Foul Ball, location: 2F
2-2: Strikes out swinging
Batting: RHB Vinny Vasquez 0-0: Ball
1-0: Ball
2-0: Ball
3-0: Called Strike
3-1: Fly out, F8 (Flyball, 89S, EV 89.4 MPH)
Top of the 6th over - 2 runs, 2 hits, 0 errors, 0 left on base; Danville 12 - Ogden 1
BOTTOM OF THE 6TH
Ogden Raptors batting - Pitching for Danville Braves : LHP Juan Casanova
Pitching: LHP Junji Sekine
Batting: LHB Jimmy Sheppard 0-0: Ball
1-0: Ground out 1-3 (Groundball, P, EV 70.6 MPH)
Batting: RHB Shiro Suehiro 0-0: Ball
1-0: Called Strike
1-1: Ball
2-1: Ball
3-1: Called Strike
3-2: Foul Ball, location: 2F
3-2: Strikes out swinging
Batting: RHB Isaiah Yarbrough 0-0: Swinging Strike
0-1: Foul Ball, location: 2F
0-2: Ball
1-2: Strikes out swinging
Bottom of the 6th over - 0 runs, 0 hits, 0 errors, 0 left on base; Danville 12 - Ogden 1
TOP OF THE 7TH
Danville Braves batting - Pitching for Ogden Raptors : RHP Jordan Zayas
Batting: RHB Omar Molina 0-0: Foul Ball, location: 2F
0-1: Ball
1-1: Swinging Strike
1-2: Foul Ball, location: 2F
1-2: Strikes out swinging
Batting: LHB Junji Sekine 0-0: Ball
1-0: Called Strike
1-1: Fly out, F7 (Flyball, 7LS, EV 92.5 MPH)
Batting: RHB Alain Dufour 0-0: Called Strike
0-1: Ball
1-1: Ground out U3 (Groundball, 34S, EV 81.9 MPH)
Top of the 7th over - 0 runs, 0 hits, 0 errors, 0 left on base; Danville 12 - Ogden 1
BOTTOM OF THE 7TH
Ogden Raptors batting - Pitching for Danville Braves : LHP Junji Sekine
Batting: SHB Ricardo Contrares 0-0: Ground out 4-3 (Groundball, 4, EV 101.3 MPH)
Batting: RHB Bobby Mendieta 0-0: Foul Ball, location: 2F
0-1: Ball
1-1: Ball
2-1: Called Strike
2-2: Foul Ball, location: 2F
2-2: Ball
3-2: Foul Ball, location: 2F
3-2: Foul Ball, location: 2F
3-2: Fly out, F7 (Flyball, 7D, EV 98.1 MPH)
Batting: RHB Greg Snow 0-0: Fly out, F9 (Flyball, 9S, EV 85.0 MPH)
Bottom of the 7th over - 0 runs, 0 hits, 0 errors, 0 left on base; Danville 12 - Ogden 1
TOP OF THE 8TH
Danville Braves batting - Pitching for Ogden Raptors : RHP Jordan Zayas
Batting: RHB Jerry Delgado 0-0: Foul Ball, location: 2F
0-1: Ball
1-1: Foul Ball, location: 2F
1-2: Ground out 6-3 (Groundball, 6S, EV 83.1 MPH)
Pitching: RHP Ryan Solon
Pinch Hitting: RHB Jesse Villa 0-0: Called Strike
0-1: Ground out 1-3 (Groundball, 13S, EV 67.5 MPH)
Batting: RHB Josh Swartzentruber 0-0: Swinging Strike
0-1: Foul Ball, location: 2F
0-2: Foul Ball, location: 2F
0-2: Ball
1-2: Ball
2-2: Ball
3-2: Strikes out swinging
Top of the 8th over - 0 runs, 0 hits, 0 errors, 0 left on base; Danville 12 - Ogden 1
BOTTOM OF THE 8TH
Ogden Raptors batting - Pitching for Danville Braves : LHP Junji Sekine
Now in LF: Lorenzo Luna
Batting: LHB William Cano 0-0: Swinging Strike
0-1: Ball
1-1: Foul Ball, location: 2F
1-2: Strikes out looking
Batting: RHB Mario Diaz 0-0: Ball
1-0: Swinging Strike
1-1: Foul Ball, location: 2F
1-2: Fly out, F8 (Flyball, 89D, EV 98.8 MPH)
Batting: SHB Ryan Solon 0-0: Ball
1-0: Called Strike
1-1: Foul Ball, location: 2F
1-2: Ball
2-2: Strikes out swinging
Bottom of the 8th over - 0 runs, 0 hits, 0 errors, 0 left on base; Danville 12 - Ogden 1
TOP OF THE 9TH
Danville Braves batting - Pitching for Ogden Raptors : RHP Ryan Solon
Batting: LHB Diego Muniz 0-0: Ball
1-0: Ball
2-0: Ball
3-0: Swinging Strike
3-1: Foul Ball, location: 2F
3-2: Strikes out swinging
Batting: RHB Antonio Arguello 0-0: Ball
1-0: Called Strike
1-1: Ball
2-1: Foul Ball, location: 2F
2-2: Foul Ball, location: 2F
2-2: Ball
3-2: SOLO HOME RUN (Flyball, 7LD, EV 100.0 MPH), Distance : 362 ft
Batting: RHB Vinny Vasquez 0-0: Ball
1-0: Foul Ball, location: 2F
1-1: Ball
2-1: Foul Ball, location: 2F
2-2: Strikes out swinging
Pinch Hitting: RHB Ricky Fernandez 0-0: Ball
1-0: Ball
2-0: Called Strike
2-1: Swinging Strike
2-2: Foul Ball, location: 2F
2-2: Ball
3-2: Base on Balls
Batting: LHB Junji Sekine 0-0: Ground out 1-3 (Groundball, 13S, EV 72.5 MPH)
Top of the 9th over - 1 run, 1 hit, 0 errors, 1 left on base; Danville 13 - Ogden 1
BOTTOM OF THE 9TH
Ogden Raptors batting - Pitching for Danville Braves : LHP Junji Sekine
Now at C: Ricky Fernandez
Batting: LHB Jimmy Sheppard 0-0: Ball
1-0: Called Strike
1-1: Ground out 6-3 (Groundball, 4M, EV 86.3 MPH)
Batting: RHB Shiro Suehiro 0-0: Ball
1-0: Ground out 4-3 (Groundball, 4, EV 81.9 MPH)
Batting: RHB Isaiah Yarbrough 0-0: Called Strike
0-1: Ball
1-1: Ball
2-1: Ball
3-1: Base on Balls
Batting: SHB Ricardo Contrares 0-0: Swinging Strike
0-1: Called Strike
0-2: Hit by Pitch
Isaiah Yarbrough to second
Batting: RHB Bobby Mendieta 0-0: Ball
1-0: Called Strike
1-1: DOUBLE (Line Drive, 7LD, EV 111.3 MPH)
Isaiah Yarbrough scores
Ricardo Contrares to third
Batting: RHB Greg Snow 0-0: Ball
1-0: Foul Ball, location: 2F
1-1: SINGLE (Groundball, 13S, EV 71.9 MPH) (infield hit)
Ricardo Contrares scores
Bobby Mendieta to third
Batting: LHB William Cano 0-0: Fly out, F2 (Popup, 25F, EV 90.6 MPH)
Bottom of the 9th over - 2 runs, 2 hits, 0 errors, 2 left on base; Danville 13 - Ogden 3
Thursday, December 15th , 2022 - OOTP Baseball 23.9 Build 102